 Dungeon Crawl Stone Soup version 0.30-a0-553-g7fabdf1491 (webtiles) character file.

Game seed: 3177132109758610599

1985 Jase the Covert (level 9, -3/72 HPs)
             Began as a Kobold Brigand on Dec 27, 2022.
             Was an Initiate of Wu Jian.
             Slain by Joseph
             ... wielding a +0 quarterstaff
              (10 damage)
             ... on level 7 of the Dungeon.
             The game lasted 00:16:29 (6478 turns).

Jase the Covert (Kobold Brigand)                    Turns: 6478, Time: 00:16:30

Health: -3/72      AC: 24    Str:  8    XL:     9   Next: 44%
Magic:  9/9        EV:  3    Int: 15    God:    Wu Jian [......]
Gold:   218        SH:  0    Dex: 18    Spells: 8/8 levels left

rFire   . . .      SeeInvis .    b - +0 dagger (drain)
rCold   . . .      Faith    .    (no shield)
rNeg    . . .      Spirit   .    (body armour currently unavailable)
rPois   +          Reflect  .    (helmet currently unavailable)
rElec   .          Harm     .    (cloak currently unavailable)
rCorr   .          Rampage  .    (gloves currently unavailable)
Will    .....      NoTele   +    (boots currently unavailable)
Stlth   ++++++                   (no amulet)
HPRegen 0.32/turn                (no ring)
MPRegen 0.11/turn                (no ring)

@: tree-form
A: stationary, stasis, torment immunity, boosted hp, small, no large weapons,
nightstalker 3
a: Renounce Religion


You were on level 7 of the Dungeon.
You worshipped Wu Jian.
Wu Jian was noncommittal.
You were a tree.
You visited 2 branches of the dungeon, and saw 8 of its levels.

You collected 218 gold pieces.

Inventory:

Hand Weapons
 a - the +4 dagger of Fumumm {venom, rCorr}
   (You found it on level 5 of the Dungeon)

   It poisons the flesh of those it strikes.
   rCorr:     It protects you from acid and corrosion.
 b - a +0 dagger of draining (weapon)
 c - a +0 rapier
Missiles
 d - 12 poisoned darts (quivered)
 e - 3 curare-tipped darts
 l - 33 stones
Armour
 r - a +0 leather armour (melded)
 s - a +0 pair of gloves (melded)
 y - a +0 cloak (melded)
Jewellery
 w - a ring of ice
Wands
 t - a wand of roots (13)
Scrolls
 i - 2 scrolls of amnesia
 j - 3 scrolls of teleportation
 q - 2 scrolls of magic mapping {unknown}
 u - 2 scrolls of immolation
 A - a scroll of poison {unknown}
 C - 2 scrolls of blinking {unknown}
 D - a scroll of brand weapon {unknown}
Potions
 f - a potion of flight
 k - a potion of berserk rage
 m - 2 potions of curing
 o - a potion of degeneration
 p - a potion of cancellation
 v - a potion of haste
 x - a potion of magic
 z - 2 potions of brilliance {unknown}
 B - a potion of mutation


   Skills:
 - Level 2.1 Fighting
 + Level 11.1 Short Blades
 - Level 2.1 Throwing
 - Level 1.2 Dodging
 + Level 12.8 Stealth


You had 8 spell levels left.
You didn't know any spells.
Your spell library contained the following spells:

 Spells                   Type           Power      Damage    Failure   Level
 Apportation              Tloc           0%         N/A       26%         1
 Necrotise                Necr           0%         1d4       26%         1
 Summon Small Mammal      Summ           0%         N/A       26%         1
 Scorch                   Fire           0%         2d5       38%         2
 Flame Wave               Conj/Fire      0%         2d4       95%         4
 Summon Cactus Giant      Summ           0%         N/A       100%        6


Dungeon Overview and Level Annotations

Branches:
Dungeon (7/15)             Temple (1/1) D:5

Altars:
Ashenzari
Cheibriados
Dithmenos
Elyvilon
Gozag
Hepliaklqana
Makhleb
Nemelex Xobeh
Okawaru
Qazlal
Ru
Sif Muna
Trog
Uskayaw
Vehumet
Wu Jian
Xom
Yredelemnul
Zin
The Shining One

Annotations:
D:7 3 exclusions, Joseph


Innate Abilities, Weirdness & Mutations

You are a tree.
Your roots penetrate the ground, keeping you stationary.
You cannot be teleported.
You are immune to unholy pain and torment.
Your maximum health is greatly increased.
Your equipment is partially melded.
You are small and have problems with some larger weapons.
You are completely attuned to the shadows.


Message History

You completely miss Joseph.
Joseph is heavily wounded.
Joseph hits you but does no damage.
The +4 dagger of Fumumm {venom, rCorr} stops dripping with poison.
You sense an unholy aura.
b - a +0 dagger of draining (weapon)
The orc hits you but does no damage. x2
An orc wizard comes into view. It is wielding a +0 dagger.
You closely miss Joseph.
Joseph is heavily wounded.
Joseph barely misses you.
You hit Joseph but do no damage. You drain Joseph.
Joseph is severely wounded.
The orc hits you but does no damage. x2
You hit Joseph.
Joseph is severely wounded.
Joseph hits you with a +0 quarterstaff!
* * * LOW HITPOINT WARNING * * *
You hit Joseph.
Joseph is severely wounded.
The orc hits you but does no damage. x2
You barely miss Joseph.
Joseph is severely wounded.
Joseph barely misses you.
You hit Joseph.
Joseph is almost dead.
The orc hits you but does no damage. x2
You completely miss Joseph.
Joseph is almost dead.
Joseph hits you but does no damage.
You hit Joseph but do no damage.
Joseph is almost dead.
The orc hits you but does no damage.
The orc hits you from afar with a +0 trident.
* * * LOW HITPOINT WARNING * * *
The orc wizard hits you but does no damage.
You hit Joseph.
Joseph is almost dead.
Joseph hits you with a +0 quarterstaff!
You die...

#..# #..#
#.o###
##.oo.#..
#...♣@...
#.#.#.#..
####.#.#.#
#....#.#.#
#.####.#.#
#.# #.#
#.#
#####.###


You could see Joseph (extremely poisoned, drained), an orc wizard and 2 orcs.

Vanquished Creatures
  Grinder (D:5)
  A steam dragon (D:6)
  2 ice beasts (D:5)
  A sky beast (D:6)
  3 ogres (D:5)
  A centaur (D:6)
  A phantom (D:6)
  A bullfrog (D:6)
  A scorpion (D:5)
  5 killer bees (D:6)
  2 howler monkeys
  A hound (D:4)
  3 jellies
  2 iguanas (D:5)
  3 orc wizards
  Robin (D:2)
  10 adders
  4 gnolls
  A shadow imp (D:6)
  A white imp (D:6)
  2 ufetubi
  A worm (D:3)
  2 dart slugs
  10 orcs
  3 bats
  8 endoplasms
  7 giant cockroaches
  19 goblins
  6 hobgoblins
  2 jackals (D:2)
  6 kobolds
  2 quokkas
  8 ball pythons
  2 frilled lizards
  8 rats
131 creatures vanquished.

Notes
Turn   | Place    | Note
-------+----------+-------------------------------------------
     0 | D:1      | Jase the Kobold Brigand began the quest for the Orb.
     0 | D:1      | Reached XP level 1. HP: 12/12 MP: 1/1
   245 | D:1      | Reached XP level 2. HP: 17/17 MP: 2/2
   836 | D:1      | Reached XP level 3. HP: 21/21 MP: 3/3
   880 | D:1      | Reached skill level 6 in Stealth
  1068 | D:2      | Noticed Robin
  1453 | D:2      | Reached XP level 4. HP: 26/26 MP: 4/4
  1594 | D:2      | Killed Robin
  1866 | D:2      | Found a faded altar of an unknown god.
  2246 | D:3      | Reached XP level 5. HP: 8/30 MP: 5/5
  2448 | D:3      | Reached skill level 7 in Stealth
  2485 | D:3      | Reached skill level 5 in Short Blades
  3603 | D:4      | Reached XP level 6. HP: 35/35 MP: 6/6
  3972 | D:4      | Reached skill level 8 in Stealth
  4172 | D:5      | Entered Level 5 of the Dungeon
  4183 | D:5      | Noticed an ice beast
  4186 | D:5      | Killed an ice beast
  4218 | D:5      | Reached XP level 7. HP: 29/40 MP: 7/7
  4293 | D:5      | Reached skill level 9 in Stealth
  4560 | D:5      | Identified the +4 dagger of Fumumm {venom, rCorr}
  4624 | D:5      | Found a staircase to the Ecumenical Temple.
  4630 | Temple   | Entered the Ecumenical Temple
  4682 | Temple   | Became a worshipper of the Wu Jian Council
  4712 | D:5      | Reached XP level 8. HP: 44/44 MP: 8/8
  4812 | D:5      | Reached skill level 10 in Stealth
  4945 | D:5      | Identified the +1 quarterstaff of the Rat {flame, *Slow rC+
                  | Stlth+}
  5053 | D:5      | Noticed Grinder
  5056 | D:5      | Killed Grinder
  5205 | D:5      | Reached skill level 11 in Stealth
  5453 | D:6      | Found a sparkling altar of Nemelex Xobeh.
  5561 | D:6      | Reached skill level 10 in Short Blades
  5561 | D:6      | Reached XP level 9. HP: 48/48 MP: 9/9
  5576 | D:6      | Reached skill level 12 in Stealth
  6450 | D:7      | Noticed Joseph
  6478 | D:7      | Slain by Joseph

Illustrated notes

Levels and vault maps discovered:
D:1:      sevenhm_arrival_forest_fort_large_4, layout_loops_ring
D:2:      layout_loops_ring, chequers_ecumenical_altar_simple,
          cheibrodos_gnoll_hut, uniq_robin
D:3:      minmay_spotlight, layout_basic, grunt_ministairs_4
D:4:      layout_gridville
D:5:      layout_loops_ring, minmay_temple_entry_nine_rooms, uniq_grinder
D:6:      hellmonk_crumbling_castle, layout_basic, nemelex_diamond_rough_becter
D:7:      layout_loops_ring, enter_bailey_8, uniq_joseph
Temple:   hellmonk_temple_of_storms

Skill      XL: |  1  2  3  4  5  6  7  8  9 |
---------------+----------------------------+-----
Short Blades   | 3 4 5 6 8 10 11 | 11.1
Stealth        | 6 7 8 9 11 12 | 12.8
Fighting       | |  2.1
Throwing       | |  2.1
Dodging        | |  1.2

Action                   |  1- 3 |  4- 6 |  7- 9 || total
-------------------------+-------+-------+-------++-------
Melee: Dagger            |    72 |   194 |   157 ||   423
       Punch             |     2 |     1 |     2 ||     5
Throw: Dart              |       |       |     3 ||     3
Invok: Lunge             |       |       |    17 ||    17
  Use: Scroll            |       |       |    12 ||    12
       Potion            |       |       |     3 ||     3
 Stab: Sleeping          |    20 |    30 |    19 ||    69
       Distracted        |     1 |     1 |     1 ||     3
Armor: Robe              |     6 |     4 |       ||    10
       Leather armour    |       |    20 |     9 ||    29
       Skin              |       |       |    68 ||    68
Dodge: Dodged            |    32 |    86 |    43 ||   161

Table legend: (Time is in decaauts)
 A = Elapsed time spent in this place.
 B = Non-inter-level travel time spent in this place.
 C = Inter-level travel time spent in this place.
 D = Time resting spent in this place.
 E = Time spent auto-exploring this place.
 F = Levels seen in this place.
 G = Mean time per level.
                   A        B        C        D        E       F      G
               +--------+--------+--------+--------+--------+-----+--------+
         Total |   6353 |   6115 |    238 |    745 |   4189 |   8 |  794.1 |
       Dungeon |   6282 |   6062 |    220 |    745 |   4189 |   7 |  897.4 |
        Temple |     70 |     52 |     18 |      0 |      0 |   1 |   70.0 |
               +--------+--------+--------+--------+--------+-----+--------+

Top non-repeatable levels by time:
     D:6: 1098 daAuts
     D:2: 1091 daAuts
     D:1: 1079 daAuts
     D:3: 1069 daAuts
     D:4: 960 daAuts
     D:5: 910 daAuts
     D:7: 72 daAuts
  Temple: 70 daAuts
